 Dungeon Crawl Stone Soup version 0.20.1-1-g8b1a95d (webtiles) character file.

3157 dohliylev the Covert (level 9, -1/66 HPs)
             Began as a Vampire Assassin on Dec 4, 2017.
             Was a Believer of Makhleb.
             Slain by a vampire mosquito (7 damage)
             ... on level 7 of the Dungeon.
             The game lasted 00:27:48 (7537 turns).

dohliylev the Covert (Vampire Assassin)             Turns: 7537, Time: 00:27:49

Health: -1/66      AC:  8    Str: 10    XL:     9   Next: 62%
Magic:  9/9        EV: 20    Int: 14    God:    Makhleb [**....]
Gold:   275        SH:  0    Dex: 18    Spells: 8/8 levels left

rFire    . . .     SeeInvis +   a - +7 short sword (vamp)
rCold    + . .     Gourm    .   (no shield)
rNeg     + . .     Faith    .   A - +0 robe (curse)
rPois    .         Spirit   .   H - +2 helmet
rElec    .         Reflect  .   d - +0 cloak
rCorr    .         Harm     .   k - +0 pair of gloves
MR       .....                  B - +0 pair of boots
Stlth    ++++++....             (no amulet)
Regen    0.3/turn               J - +1 ring of evasion
MPRegen  0.2/turn               i - ring of protection from cold

@: no status effects
A: fangs 3, see invisible, unbreathing
a: Bat Form, Minor Destruction, Renounce Religion


You were on level 7 of the Dungeon.
You worshipped Makhleb.
Makhleb was pleased with you.
You were not thirsty.

You visited 2 branches of the dungeon, and saw 9 of its levels.

You collected 275 gold pieces.

Inventory:

Hand Weapons
 a - a +7 vampiric short sword (weapon)
 b - a +0 blowgun
 v - a +1 dagger of draining
 y - a +1 dagger of electrocution
Missiles
 e - 30 poisoned needles
 f - 2 curare-tipped needles
 w - 5 needles of sleeping
Armour
 d - a +0 cloak (worn)
 k - a +0 pair of gloves (worn)
 A - a cursed +0 robe (worn)
 B - a +0 pair of boots (worn)
 E - a cursed +0 leather armour
 H - a +2 helmet (worn)
Jewellery
 i - a ring of protection from cold (right hand)
 F - an uncursed ring of magical power
 J - a +1 ring of evasion (left hand)
Wands
 u - a wand of paralysis (5/24)
 K - a wand of iceblast (13/15)
Scrolls
 c - a scroll of amnesia {unknown}
 l - a scroll of enchant armour {unknown}
 n - 2 scrolls of remove curse {unknown}
 o - 2 scrolls of fear {unknown}
 q - 2 scrolls of recharging {unknown}
 s - 2 scrolls of identify {unknown}
 x - a scroll of immolation {unknown}
 C - 2 scrolls of teleportation {unknown}
 D - a scroll of noise {unknown}
 I - a scroll of magic mapping {unknown}
 M - a scroll of holy word {unknown}
Potions
 g - 9 potions of blood
 h - 3 potions of might {unknown}
 j - 3 potions of agility {unknown}
 m - a potion of curing
 p - 2 potions of degeneration {unknown}
 r - a potion of cancellation
 t - a potion of berserk rage {unknown}
 z - a potion of lignification {unknown}
 G - a potion of flight {unknown}
 L - a potion of haste {unknown}


   Skills:
 + Level 4.5 Fighting
 - Level 5.0 Short Blades
 - Level 1.5 Throwing
 + Level 8.8 Dodging
 - Level 14.1 Stealth
 * Level 0.8 Invocations


You had 8 spell levels left.
You didn't know any spells.

Dungeon Overview and Level Annotations

Branches:
Dungeon (8/15)             Temple (1/1) D:4
   Lair: D:8-11

Altars:
Ashenzari
Cheibriados
Dithmenos
Elyvilon
Fedhas
Gozag
Hepliaklqana
Kikubaaqudgha
Makhleb
Nemelex Xobeh
Okawaru
Qazlal
Ru
Sif Muna
Trog
Uskayaw
Vehumet
Xom
Yredelemnul
Zin
The Shining One

Annotations:
D:3 p0werm0de's ghost, weakling DDFi


Innate Abilities, Weirdness & Mutations

You have razor-sharp teeth.
You have supernaturally acute eyesight. (SInv)
You can survive without breathing.


Message History

The vampire mosquito misses you. The vampire mosquito barely misses you.
The vampire mosquito completely misses you.
The vampire mosquito bites you.
* * * LOW HITPOINT WARNING * * *
The vampire mosquito bites you but does no damage.
The vampire mosquito misses you.
The vampire mosquito closely misses you.
The vampire mosquito closely misses you.
You hit the vampire mosquito.
The vampire mosquito is moderately damaged.
The vampire mosquito bites you.
* * * LOW HITPOINT WARNING * * *
You hit the vampire mosquito but do no damage.
The vampire mosquito is moderately damaged.
The vampire mosquito barely misses you. The vampire mosquito bites you.
* * * LOW HITPOINT WARNING * * *
You closely miss the vampire mosquito.
The vampire mosquito is moderately damaged.
The vampire mosquito bites you!
You die...

#.........>#...##
#...............##
#................#
#................#
#................#
####..#.........##
##>.#....y...##
##...<.###y####
#.....## #@# #
#..##..# #.# #
##..###.# #.# #
###...# #.# #.# ##
#...#.# #.###.# .#
#.#...# #.....#
.###...### ##..###
......## #..#
##...########..#


You could see 2 vampire mosquitoes.

Vanquished Creatures
  Sigmund (D:3)
  A vampire mosquito (D:8)
  2 water moccasins (D:7)
  Edmund (D:4)
  A sky beast (D:5)
  A phantom (D:4)
  A black bear (D:4)
  3 ice beasts
  4 ogres
  2 necrophages
  2 bullfrogs (D:6)
  4 scorpions
  A crimson imp (D:6)
  2 howler monkeys
  A centaur zombie (D:6)
  3 jellies
  4 orc wizards (D:7)
  A gnoll shaman (D:4)
  2 hounds
  2 orc priests
  2 centaur skeletons
  2 bullfrog skeletons
  Ijyb (D:3)
  Terence (D:3)
  2 worker ants
  4 iguanas
  A killer bee zombie (D:7)
  3 hound skeletons
  Robin (D:2)
  9 adders
  4 gnolls (D:4)
  2 shadow imps
  3 oozes
  2 adder skeletons (D:5)
  5 worms
  4 dart slugs
  5 leopard geckos
  31 orcs
  A giant cockroach (D:4)
  14 goblins
  4 hobgoblins
  6 jackals
  4 kobolds
  A quokka (D:3)
  A ball python (D:1)
  10 bats
  5 frilled lizards
  A giant cockroach zombie (D:5)
  A leopard gecko skeleton (D:5)
  2 quokka skeletons
  4 rats
175 creatures vanquished.

Notes
Turn   | Place    | Note
-------+----------+-------------------------------------------
     0 | D:1      | dohliylev the Vampire Assassin began the quest for the Orb.
     0 | D:1      | Reached XP level 1. HP: 16/16 MP: 1/1
    63 | D:1      | Reached skill level 6 in Stealth
   204 | D:1      | Reached XP level 2. HP: 22/22 MP: 2/2
   395 | D:1      | Reached skill level 7 in Stealth
   639 | D:2      | Reached XP level 3. HP: 27/27 MP: 3/3
   774 | D:2      | Reached skill level 8 in Stealth
   795 | D:2      | Noticed Robin
  1149 | D:2      | Killed Robin
  1149 | D:2      | Reached XP level 4. HP: 25/33 MP: 4/4
  1560 | D:3      | Noticed Ijyb
  1585 | D:3      | Paralysed by Ijyb for 3 turns
  1594 | D:3      | Paralysed by Ijyb for 3 turns
  1603 | D:3      | Killed Ijyb
  1603 | D:3      | Reached skill level 9 in Stealth
  1629 | D:3      | Noticed Sigmund
  1676 | D:3      | Killed Sigmund
  1676 | D:3      | Reached skill level 11 in Stealth
  1676 | D:3      | Reached XP level 5. HP: 13/38 MP: 5/5
  1676 | D:3      | Reached XP level 6. HP: 15/44 MP: 6/6
  2319 | D:3      | Noticed Terence
  2320 | D:3      | Noticed p0werm0de's ghost (weakling DDFi)
  2322 | D:3      | Killed Terence
  2360 | D:3      | Found a burning altar of Makhleb.
  2450 | D:3      | Became a worshipper of Makhleb the Destroyer
  2976 | D:4      | Reached skill level 12 in Stealth
  3172 | D:4      | Reached XP level 7. HP: 49/49 MP: 7/7
  3232 | D:4      | Reached skill level 13 in Stealth
  3571 | D:4      | Found a staircase to the Ecumenical Temple.
  3577 | Temple   | Entered the Ecumenical Temple
  3876 | D:4      | Noticed Edmund
  3906 | D:5      | Entered Level 5 of the Dungeon
  4228 | D:4      | Killed Edmund
  4500 | D:4      | Reached XP level 8. HP: 51/55 MP: 8/8
  4725 | D:5      | Reached skill level 5 in Short Blades
  4783 | D:5      | Reached * piety under Makhleb
  4996 | D:5      | Reached skill level 5 in Dodging
  5896 | D:6      | Reached XP level 9. HP: 61/61 MP: 9/9
  6455 | D:7      | Reached ** piety under Makhleb
  6806 | D:7      | Reached skill level 14 in Stealth
  7537 | D:7      | Slain by a vampire mosquito

Skill      XL: |  1  2  3  4  5  6  7  8  9 |
---------------+----------------------------+-----
Stealth        | 6 7 8 11 12 13 14 | 14.1
Dodging        | 3 8 |  8.8
Short Blades   | 4 5 |  5.0
Fighting       | 4 |  4.5
Throwing       | |  1.5
Invocations    | |  0.8

Action                   |  1- 3 |  4- 6 |  7- 9 || total
-------------------------+-------+-------+-------++-------
Melee: Dagger            |   101 |   116 |       ||   217
       Bite              |     7 |    15 |    48 ||    70
       Short sword       |       |    42 |   418 ||   460
 Fire: Blowgun           |       |    27 |    27 ||    54
 Abil: End Transformatio |       |     3 |     1 ||     4
       Bat Form          |       |     3 |     1 ||     4
  Use: Potion            |       |     3 |    13 ||    16
       Scroll            |       |     2 |     3 ||     5
 Stab: Sleeping          |    10 |    13 |    18 ||    41
       Distracted        |     1 |       |       ||     1
  Eat: Corpse            |     3 |     1 |     4 ||     8
Armor: Robe              |    54 |    55 |    87 ||   196
Dodge: Dodged            |    80 |   142 |   288 ||   510
